Unix NetHack Version 5.0.0-0 post-release - last build May 10 2026 23:12:36 (d1fa5d53e341ca933230fdaa984d921c805b60aa,branch:main).

Game began 2026-05-11 04:31:00, ended 2026-05-11 04:41:31.

BeardyHaddock, lawful male dwarven Archeologist

                                                   ----------       -+-------
                                  ---------       #.........-#####  |.^.....|
                       -----     #+......*|       #|........|    ###........|
                       |...|     #|.......|       #.........|       |.......|
                       |...|    ##|.......|       #|....{...|       |.>.....|
   --------------      |...|   `##........|      ##----------       ---.-----
   |.............#     |...-#### #---.-----      ##                    ####
   |............|#     -.-|-        ##           #                        #
   |............|#      # #         #            #                        #
   |............|#        #     #   #            #                        #
   |............|########################        #                    ######
   ----------.---##      ##  ##    -|------------#                    #    +
             ######    ###         |.............#                    #
                  #    #           |............|#                    #     )|
                  ###--.----       |............|#                    #@##./%|
                    #-....(.       |.....<......|#                    #     ?|
                     |.....|       |.............#
                     |.....-       --------------
                     -------

BeardyHaddock the Field Worker  St:13 Dx:10 Co:14 In:16 Wi:15 Ch:9  Lawful
Dlvl:3  $:0  HP:0(26) Pw:3(3) AC:9  Xp:3 T:1815 

Latest messages:
 In what direction? 6
 You kick a chest.
 THUD!
 The giant rat bites!
 You kill the giant rat!
 In what direction? 6
 You kick a chest.
 THUD!
 In what direction? 6
 You kick a chest.
 THUD!
 You break open the lock!
 You see here a broken chest.
 The chest is empty.
 You see here a blindfold.
 w - a blindfold.
 The door opens.
 You see here a blindfold.
 x - a blindfold.
 You find a hidden passage.
 e - a +0 pick-axe (weapon in right hand).
 a - a blessed +2 bullwhip (alternate weapon; not wielded).
 You start digging.
 You hit the rock with all your might.
 You succeed in cutting away some rock.
 You start digging.
 You hit the rock with all your might.
 You succeed in cutting away some rock.
 This wall seems too hard to dig into.
 You continue digging.
 This wall seems too hard to dig into.
 You continue digging.
 You make an opening in the wall.
 Aklavik appears next to you!
 "How dare you damage my shop?"
 Aklavik zaps an aluminum wand!
 The wand misses you.
 a - a blessed +2 bullwhip (weapon in right hand).
 e - a +0 pick-axe (alternate weapon; not wielded).
 Aklavik zaps an aluminum wand!
 The wand hits you!
 Aklavik zaps a wand of striking!
 The wand hits you!
 You die...
 Aklavik takes all your possessions.
 Do you want to see what you had when you died? [ynq] (y) n
 Do you want to see your attributes? [ynq] (y) n
 Do you want an account of creatures vanquished? [ynaq] (y) n
 Do you want to see your conduct and achievements? [ynq] (y) n
 Do you want to see the dungeon overview? [ynq] (y) n

Inventory:
 Weapons  (')')
  n - a +0 dagger (at the ready)
  a - a blessed +2 bullwhip (weapon in right hand)
 Armor    ('[')
  c - a blessed +0 fedora (being worn)
  t - an uncursed burnt +0 shield of drain resistance
  b - an uncursed +0 leather jacket (being worn)
 Comestibles  ('%')
  d - 3 uncursed food rations
  o - an uncursed tripe ration
 Scrolls  ('?')
  r - 2 uncursed scrolls of light
  s - an uncursed scroll of remove curse
 Spellbooks  ('+')
  p - an uncursed spellbook of healing
 Rings    ('=')
  j - an uncursed ring of warning
 Wands    ('/')
  l - a wand of polymorph (0:4)
 Tools    ('(')
  h - an empty uncursed sack
  k - an uncursed blindfold
  w - an uncursed blindfold
  x - an uncursed blindfold
  e - a +0 pick-axe (alternate weapon; not wielded)
  f - a tinning kit (0:69)
 Gems/Stones  ('*')
  q - a cursed fluorite stone
  g - an uncursed touchstone

BeardyHaddock the Archeologist's attributes:

Background:
 You were a Field Worker, a level 3 male dwarven Archeologist.
 You were lawful, nominally on a mission for Quetzalcoatl
 who was opposed by Camaxtli (neutral) and Huhetotl (chaotic).
 You were right-handed.
 You were in the Dungeons of Doom, on level 3.
 You entered the dungeon 1815 turns ago.
 It was nighttime.
 You had 64 experience points, 16 more were needed to attain level 4.

Basics:
 You had 0 out of 26 hit points.
 You had all 3 energy points (spell power).
 Your armor class was 9.
 Your wallet was empty.
 Autopickup was off.

Final Characteristics:
 Your strength was 13 (limit:18/100).
 Your dexterity was 10 (limit:20).
 Your constitution was 14 (limit:20).
 Your intelligence was 16 (limit:16).
 Your wisdom was 15 (limit:16).
 Your charisma was 9 (limit:16).

Final Status:
 You weren't hungry.
 You were unencumbered.
 You were wielding a whip.
 You had basic skill with whip.

Final Attributes:
 You were devoutly aligned.
 You had automatic searching.
 You had infravision.
 You were lucky.
 You are dead.

Miscellaneous:
 You didn't encounter any bones levels.
 Total elapsed playing time was 10 minutes and 31 seconds.

Major events:
 Turn
    1: BeardyHaddock the lawful male dwarven Archeologist entered the dungeon
 1244: attained the rank of Field Worker (level 3)
 1815: killed by a wand

Spells:
 Name                 Level Category     Fail Retention
 healing                1   healing        0%  76%-100%

Skills:
 Fighting Skills
   bare handed combat [Unskilled]
   two weapon combat  [Unskilled]
   riding             [Unskilled]
 Weapon Skills
   dagger             [Unskilled]
   knife              [Unskilled]
   pick-axe           [Basic]
   short sword        [Unskilled]
   saber              [Unskilled]
   club               [Unskilled]
   quarterstaff       [Unskilled]
   sling              [Unskilled]
   dart               [Unskilled]
   boomerang          [Unskilled]
   whip               [Basic]
   unicorn horn       [Unskilled]
 Spellcasting Skills
   attack spells      [Unskilled]
   healing spells     [Unskilled]
   divination spells  [Unskilled]
   matter spells      [Unskilled]

Voluntary challenges:
 Character rerolling was not enabled.
 You were an atheist.
 You never genocided any monsters.
 You never polymorphed an object.
 You never changed form.
 You used no wishes.
Achievement:
 You attained the rank of Field Worker.

 The Dungeons of Doom: levels 1 to 3
    Level 1:
       Some fountains.
    Level 2:
       A fountain.
    Level 3: <- You were here.
       A fountain.
       Final resting place for
          you, killed by a wand.


Vanquished creatures:
  a kitten
 an acid blob
  2 gas spores
  a hobbit
  a large kobold
  2 giant rats
  a yellow mold
  5 jackals
  3 goblins
  4 grid bugs
  a bat
  a lichen
  a newt
24 creatures vanquished.

No species were genocided or became extinct.

Game over:
                       ----------
                      /          \
                     /    REST    \
                    /      IN      \
                   /     PEACE      \
                  /                  \
                  |  BeardyHaddock   |
                  |       0 Au       |
                  | killed by a wand |
                  |                  |
                  |                  |
                  |                  |
                  |       2026       |
                 *|     *  *  *      | *
        _________)/\\_//(\/(/\)/\//\/|_)_______

Goodbye BeardyHaddock the Archeologist...

You died in The Dungeons of Doom on dungeon level 3 with 366 points,
and 0 pieces of gold, after 1815 moves.
You were level 3 with a maximum of 26 hit points when you died.

